cohdb
Replays
Latest Replays
All Replays
Popular Replays
Top Player Replays
Match Explorer
How It Works
Community
CoH3 Stats
Reddit
Sign in to upload your games and track your stats! →
Sign in with Steam
Match 43494817
Unlisted
Match 43494817
Overview
Messages
Build Orders
End
Pioneer Squad
Construct Infanterie Kompanie
Grenadier Squad
Grenadier Squad
Grenadier Squad
Construct Luftwaffe Kompanie
Flak 30 Anti-aircraft Gun Team
221 Scout Car
Selects Breakthrough Battlegroup
Selects Assault Grenadiers
Selects Breakthrough
Jäger Squad
Luftwaffe Officer Quarters
GrW 34 Mortar Team
Selects Incendiary Bombing Run
Medical Bunker
Jäger Squad
Construct Panzer Kompanie
Selects Rapid Production
Selects Blitzkrieg
Panzer IV Medium Tank
Selects Panzer IV Command Tank Sd.Kfz. 161/1
Panzer IV Command Tank
Side Skirts
Medical Bunker
Panzer IV Medium Tank
Panzer Officer Quarters
Incendiary Bombing Run
Panzer IV Medium Tank
Pioneer Squad
Incendiary Bombing Run
Repair Bunker
Sturmpanzer IV Brummbär
DebaKLe
HIMYNAMEISHO
Adamir@Magnum.CZ
Dzindzu
0
0
Comments
sign in to comment!
No comments posted yet!